PUB
MONTREAL ROYALS @ PUERTO RICO HURRICANES
07/03/1972
 
TOP OF THE 1ST
Montreal Royals batting - Pitching for Puerto Rico Hurricanes : RHP Jesús Ramos
Pitching: RHP Jesús Ramos
Batting: RHB Luis López 0-0: Ball
1-0: Called Strike
1-1: Fly out, F4 (Popup, 4, EV 56.3 MPH)
Batting: LHB Jesse Lewis 0-0: Foul Ball, location: 2F
0-1: Foul Ball, location: 7LSF
0-2: Strikes out swinging
Batting: LHB José Ramos 0-0: Ball
1-0: Foul Ball, location: 25F
1-1: Ball
2-1: Ball
3-1: Foul Ball, location: 5FF
3-2: Foul Ball, location: 5SF
3-2: Foul Ball, location: 2F
3-2: Foul Ball, location: 2F
3-2: SINGLE (Line Drive, 7S, EV 95.6 MPH)
Batting: RHB Juan Méndez 0-0: Ball
1-0: Fly out, F2 (Popup, 2LF, EV 92.5 MPH)
Top of the 1st over - 0 runs, 1 hit, 0 errors, 1 left on base; Montreal 0 - Puerto Rico 0
BOTTOM OF THE 1ST
Puerto Rico Hurricanes batting - Pitching for Montreal Royals : LHP Yoriie Kichida
Pitching: LHP Yoriie Kichida
Batting: RHB Alfonso Santana 0-0: Ball
1-0: Ball
2-0: Ball
3-0: Ground out 5-3 (Groundball, 56S, EV 85.0 MPH)
Batting: LHB Greg Shoemaker 0-0: Foul Ball, location: 2RF
0-1: Swinging Strike
0-2: Foul Ball, location: 2F
0-2: Strikes out swinging
Batting: LHB Terry Zimmerman 0-0: Ball
1-0: Foul Ball, location: 2F
1-1: Ball
2-1: Foul Ball, location: 7LMF
2-2: Ground out 6-3 (Groundball, 6, EV 83.1 MPH)
Bottom of the 1st over - 0 runs, 0 hits, 0 errors, 0 left on base; Montreal 0 - Puerto Rico 0
TOP OF THE 2ND
Montreal Royals batting - Pitching for Puerto Rico Hurricanes : RHP Jesús Ramos
Batting: LHB Jake Cameron 0-0: Ground out 6-3 (Groundball, 6, EV 76.9 MPH)
Batting: LHB Rick Monday 0-0: Ball
1-0: Fly out, F8 (Flyball, 89D, EV 108.1 MPH)
Batting: RHB Frank Harris 0-0: Foul Ball, location: 25FF
0-1: Ball
1-1: Foul Ball, location: 3SF
1-2: Foul Ball, location: 2F
1-2: DOUBLE (Line Drive, 89D, EV 98.8 MPH)
Batting: LHB Clay Dalrymple 0-0: Ball
1-0: Ball
2-0: Swinging Strike
2-1: Ball
3-1: Called Strike
3-2: Strikes out looking
Top of the 2nd over - 0 runs, 1 hit, 0 errors, 1 left on base; Montreal 0 - Puerto Rico 0
BOTTOM OF THE 2ND
Puerto Rico Hurricanes batting - Pitching for Montreal Royals : LHP Yoriie Kichida
Batting: LHB Andrej Eenkhoorn 0-0: Ball
1-0: Foul Ball, location: 25FF
1-1: SINGLE (Line Drive, 34D, EV 96.9 MPH)
Batting: SHB Miguel Carrasco 0-0: Called Strike
0-1: Called Strike
0-2: Grounds into double play, 5-4-3 (Groundball, 56S, EV 105.0 MPH)
Batting: RHB Rintaro Kichida 0-0: Ball
1-0: Ball
2-0: Called Strike
2-1: Ground out 5-3 (Groundball, 5L, EV 88.1 MPH)
Bottom of the 2nd over - 0 runs, 1 hit, 0 errors, 0 left on base; Montreal 0 - Puerto Rico 0
TOP OF THE 3RD
Montreal Royals batting - Pitching for Puerto Rico Hurricanes : RHP Jesús Ramos
Batting: LHB Yoriie Kichida 0-0: Ball
1-0: Ball
2-0: Foul Ball, location: 2F
2-1: Foul Ball, location: 3FF
2-2: Ball
3-2: Strikes out swinging
Batting: RHB Luis López 0-0: Called Strike
0-1: Swinging Strike
0-2: Foul Ball, location: 2F
0-2: Ball
1-2: Fly out, F9 (Flyball, 89M, EV 93.8 MPH)
Batting: LHB Jesse Lewis 0-0: Ball
1-0: Ball
2-0: Called Strike
2-1: Foul Ball, location: 9LMF
2-2: Strikes out looking
Top of the 3rd over - 0 runs, 0 hits, 0 errors, 0 left on base; Montreal 0 - Puerto Rico 0
BOTTOM OF THE 3RD
Puerto Rico Hurricanes batting - Pitching for Montreal Royals : LHP Yoriie Kichida
Batting: RHB Woody Frazier 0-0: Foul Ball, location: 2RF
0-1: Fly out, F9 (Flyball, 9, EV 98.8 MPH)
Batting: SHB Armando Jiménez 0-0: Ball
1-0: Called Strike
1-1: Called Strike
1-2: Ground out 5-3 (Groundball, 56S, EV 66.3 MPH)
Batting: RHB Jesús Ramos 0-0: Ball
1-0: Called Strike
1-1: Swinging Strike
1-2: Foul Ball, location: 9LDF
1-2: Strikes out looking
Bottom of the 3rd over - 0 runs, 0 hits, 0 errors, 0 left on base; Montreal 0 - Puerto Rico 0
TOP OF THE 4TH
Montreal Royals batting - Pitching for Puerto Rico Hurricanes : RHP Jesús Ramos
Batting: LHB José Ramos 0-0: Swinging Strike
0-1: DOUBLE (Flyball, 8RXD, EV 105.0 MPH)
Batting: RHB Juan Méndez 0-0: Foul Ball, location: 2F
0-1: Fly out, F4 (Popup, 3S, EV 76.9 MPH)
Batting: LHB Jake Cameron 0-0: Swinging Strike
0-1: Called Strike
0-2: Ball
1-2: Foul Ball, location: 5SF
1-2: Ball
2-2: Ball
3-2: Foul Ball, location: 7LMF
3-2: Base on Balls
Batting: LHB Rick Monday 0-0: Ball
1-0: Fielders Choice at 2nd, 6-4 (Groundball, 6, EV 108.1 MPH)
José Ramos to third
Batting: RHB Frank Harris 0-0: Ball
1-0: Ball
2-0: Called Strike
2-1: Swinging Strike
Passed Ball!
José Ramos scores
Rick Monday to second
2-2: Ball
3-2: Foul Ball, location: 3FF
3-2: Foul Ball, location: 25F
3-2: Ground out U3 (Groundball, 3S, EV 66.3 MPH)
Top of the 4th over - 1 run, 1 hit, 0 errors, 1 left on base; Montreal 1 - Puerto Rico 0
BOTTOM OF THE 4TH
Puerto Rico Hurricanes batting - Pitching for Montreal Royals : LHP Yoriie Kichida
Batting: RHB Alfonso Santana 0-0: Ball
1-0: Called Strike
1-1: Foul Ball, location: 3DF
1-2: Strikes out looking
Batting: LHB Greg Shoemaker 0-0: Called Strike
0-1: Foul Ball, location: 7LDF
0-2: Ball
1-2: Ground out 6-3 (Groundball, 6M, EV 100.0 MPH)
Batting: LHB Terry Zimmerman 0-0: Ground out 6-3 (Groundball, 6, EV 79.4 MPH)
Bottom of the 4th over - 0 runs, 0 hits, 0 errors, 0 left on base; Montreal 1 - Puerto Rico 0
TOP OF THE 5TH
Montreal Royals batting - Pitching for Puerto Rico Hurricanes : RHP Jesús Ramos
Batting: LHB Clay Dalrymple 0-0: SINGLE (Groundball, 6MD, EV 102.5 MPH)
Batting: LHB Yoriie Kichida 0-0: Sac Bunt to 5S - play at first, batter OUT! 5-3
Clay Dalrymple to second
Batting: RHB Luis López 0-0: Called Strike
0-1: Ball
Wild Pitch!
Clay Dalrymple to third
1-1: Ball
2-1: Fly out, F2 (Popup, 23F, EV 91.9 MPH)
Batting: LHB Jesse Lewis 0-0: Ball
1-0: Ground out U3 (Groundball, 34, EV 107.5 MPH)
Top of the 5th over - 0 runs, 1 hit, 0 errors, 1 left on base; Montreal 1 - Puerto Rico 0
BOTTOM OF THE 5TH
Puerto Rico Hurricanes batting - Pitching for Montreal Royals : LHP Yoriie Kichida
Batting: LHB Andrej Eenkhoorn 0-0: Foul Ball, location: 23FF
0-1: Foul Ball, location: 3F
0-2: Strikes out swinging
Batting: SHB Miguel Carrasco 0-0: Foul Ball, location: 2F
0-1: Fly out, F8 (Flyball, 8RXD, EV 106.3 MPH)
Batting: RHB Rintaro Kichida 0-0: SINGLE (Line Drive, 34, EV 109.4 MPH)
Batting: RHB Woody Frazier 0-0: Ball
1-0: Called Strike
1-1: Ball
Rintaro Kichida steals 2nd base
2-1: Fly out, F8 (Line Drive, 8RD, EV 92.5 MPH)
Bottom of the 5th over - 0 runs, 1 hit, 0 errors, 1 left on base; Montreal 1 - Puerto Rico 0
TOP OF THE 6TH
Montreal Royals batting - Pitching for Puerto Rico Hurricanes : RHP Jesús Ramos
Batting: LHB José Ramos 0-0: Ball
1-0: Ground out 4-3 (Groundball, 4, EV 81.3 MPH)
Batting: RHB Juan Méndez 0-0: Ball
1-0: Fly out, F9 (Flyball, 89S, EV 93.1 MPH)
Batting: LHB Jake Cameron 0-0: Ball
1-0: Ball
2-0: Ball
3-0: Ground out U3 (Groundball, 3, EV 103.1 MPH)
Top of the 6th over - 0 runs, 0 hits, 0 errors, 0 left on base; Montreal 1 - Puerto Rico 0
BOTTOM OF THE 6TH
Puerto Rico Hurricanes batting - Pitching for Montreal Royals : LHP Yoriie Kichida
Batting: SHB Armando Jiménez 0-0: Ball
1-0: Called Strike
1-1: DOUBLE (Groundball, 5L, EV 110.0 MPH)
Batting: RHB Jesús Ramos 0-0: Bunted foul
0-1: Bunt missed!
0-2: Bunt missed, Strikeout!
Batting: RHB Alfonso Santana 0-0: Called Strike
0-1: Ball
1-1: Swinging Strike
1-2: Ball
2-2: Ball
3-2: SINGLE (Line Drive, 7LS, EV 103.8 MPH)
Armando Jiménez to third
Runner from 3rd tries for Home, throw by LF and OUT! 7-2
Alfonso Santana to second
Pinch Hitting: RHB Haywood Andrews 0-0: Ball
1-0: Called Strike
1-1: Ball
2-1: Called Strike
2-2: SINGLE (Groundball, 15S, EV 68.1 MPH) (infield hit)
Alfonso Santana to third
Batting: LHB Terry Zimmerman 0-0: Called Strike
0-1: Ball
1-1: Ball
2-1: SINGLE (Groundball, 6MD, EV 103.8 MPH)
Alfonso Santana scores
Haywood Andrews to second
Runner from 2nd tries for 3rd, SAFE, no throw by CF
Batting: LHB Andrej Eenkhoorn 0-0: Ball
1-0: Ball
2-0: Ball
3-0: SINGLE (Groundball, 4MD, EV 105.6 MPH)
Haywood Andrews scores
Terry Zimmerman to second
Batting: SHB Miguel Carrasco 0-0: Ball
Wild Pitch!
Terry Zimmerman to third
Andrej Eenkhoorn to second
1-0: Foul Ball, location: 5FF
1-1: Ball
2-1: Fly out, F4 (Popup, 23, EV 90.0 MPH)
Bottom of the 6th over - 2 runs, 5 hits, 0 errors, 2 left on base; Montreal 1 - Puerto Rico 2
TOP OF THE 7TH
Montreal Royals batting - Pitching for Puerto Rico Hurricanes : RHP Jesús Ramos
Now at 2B: Haywood Andrews
Now at 3B: Miguel Carrasco
Batting: LHB Rick Monday 0-0: Ball
1-0: Ball
2-0: Called Strike
2-1: Foul Ball, location: 25FF
2-2: DOUBLE (Line Drive, 89D, EV 107.5 MPH)
Batting: RHB Frank Harris 0-0: Called Strike
0-1: 2-RUN HOME RUN (Flyball, 8LXD, EV 110.0 MPH), Distance : 428 ft
Batting: LHB Clay Dalrymple 0-0: Ball
1-0: Called Strike
1-1: Ball
2-1: Foul Ball, location: 2F
2-2: Strikes out swinging
Batting: LHB Yoriie Kichida 0-0: Ground out U3 (Groundball, 3L, EV 84.4 MPH)
Batting: RHB Luis López 0-0: Foul Ball, location: 7LSFF
0-1: Called Strike
0-2: Strikes out swinging
Top of the 7th over - 2 runs, 2 hits, 0 errors, 0 left on base; Montreal 3 - Puerto Rico 2
BOTTOM OF THE 7TH
Puerto Rico Hurricanes batting - Pitching for Montreal Royals : LHP Yoriie Kichida
Batting: RHB Rintaro Kichida 0-0: Ball
1-0: Called Strike
1-1: Ground out 4-3 (Groundball, 4, EV 83.8 MPH)
Batting: RHB Woody Frazier 0-0: Fly out, F4 (Popup, 34S, EV 85.0 MPH)
Batting: SHB Armando Jiménez 0-0: Called Strike
0-1: Swinging Strike
0-2: Strikes out swinging
Bottom of the 7th over - 0 runs, 0 hits, 0 errors, 0 left on base; Montreal 3 - Puerto Rico 2
TOP OF THE 8TH
Montreal Royals batting - Pitching for Puerto Rico Hurricanes : RHP Jesús Ramos
Batting: LHB Jesse Lewis 0-0: Ground out U3 (Groundball, 34, EV 83.8 MPH)
Batting: LHB José Ramos 0-0: Ball
1-0: Fly out, F9 (Flyball, 89S, EV 91.3 MPH)
Batting: RHB Juan Méndez 0-0: Ball
1-0: Called Strike
1-1: Called Strike
1-2: Ball
2-2: Strikes out looking
Top of the 8th over - 0 runs, 0 hits, 0 errors, 0 left on base; Montreal 3 - Puerto Rico 2
BOTTOM OF THE 8TH
Puerto Rico Hurricanes batting - Pitching for Montreal Royals : LHP Yoriie Kichida
Pinch Hitting: LHB Koyo Yamamoto 0-0: Swinging Strike
0-1: Foul Ball, location: 23F
0-2: Strikes out looking
Batting: RHB Alfonso Santana 0-0: Called Strike
0-1: Ball
1-1: Called Strike
1-2: Foul Ball, location: 9LMF
1-2: Strikes out swinging
Batting: RHB Haywood Andrews 0-0: Ball
1-0: Foul Ball, location: 25F
1-1: Swinging Strike
1-2: Strikes out swinging
Bottom of the 8th over - 0 runs, 0 hits, 0 errors, 0 left on base; Montreal 3 - Puerto Rico 2
TOP OF THE 9TH
Montreal Royals batting - Pitching for Puerto Rico Hurricanes : RHP Jesús Ramos
Pitching: RHP Gabriel Hockin
Batting: LHB Jake Cameron 0-0: Ball
1-0: Ball
2-0: Foul Ball, location: 3F
2-1: Foul Ball, location: 7LMF
2-2: Foul Ball, location: 2RF
2-2: Ground out U3 (Groundball, 3, EV 108.1 MPH)
Batting: LHB Rick Monday 0-0: Ball
1-0: Called Strike
1-1: Called Strike
1-2: Foul Ball, location: 23FF
1-2: Foul Ball, location: 25FF
1-2: Ball
2-2: Ball
3-2: Foul Ball, location: 7LMF
3-2: Base on Balls
Batting: RHB Frank Harris 0-0: Called Strike
0-1: Fly out, F9 (Line Drive, 89M, EV 95.6 MPH)
Batting: LHB Clay Dalrymple 0-0: Fielders Choice at 2nd, 5-4 (Groundball, 5, EV 91.3 MPH)
Top of the 9th over - 0 runs, 0 hits, 0 errors, 1 left on base; Montreal 3 - Puerto Rico 2
BOTTOM OF THE 9TH
Puerto Rico Hurricanes batting - Pitching for Montreal Royals : LHP Yoriie Kichida
Now at 3B: Paul Schaal
Batting: LHB Terry Zimmerman 0-0: Fly out, F9 (Flyball, 9D, EV 93.8 MPH)
Pinch Hitting: SHB Ted Simmons 0-0: Ball
1-0: Called Strike
1-1: Foul Ball, location: 23F
1-2: Ball
2-2: Ball
3-2: Foul Ball, location: 3SF
3-2: Base on Balls
Pitching: RHP Steve Long
Now at C: Steve Robinson
Batting: SHB Miguel Carrasco 0-0: Called Strike
0-1: Swinging Strike
0-2: Ball
1-2: Ball
2-2: Foul Ball, location: 23F
2-2: Foul Ball, location: 23FF
2-2: Strikes out swinging
Pinch Hitting: LHB Yoshitaka Kouda 0-0: Called Strike
0-1: Foul Ball, location: 2F
0-2: Ball
1-2: Ball
2-2: Strikes out swinging
Bottom of the 9th over - 0 runs, 0 hits, 0 errors, 1 left on base; Montreal 3 - Puerto Rico 2
Thursday, April 4th , 2024 - OOTP Baseball 24.8 Build 75